 Dungeon Sprint DCSS version 0.26-a0-708-g17f3b190f9 (webtiles) character file.

Game seed: 585753740552275826

104558 olmar the Hoplite (level 15, -17/161 HPs)
             Began as a Minotaur Fighter on Oct 28, 2020.
             Was an Initiate of Gozag.
             Demolished by Gloorx Vloq (23 damage)
             ... in the Dungeon (Sprint II: "The Violet Keep of Menkaure").
             The game lasted 00:15:41 (3439 turns).

olmar the Hoplite (Minotaur Fighter)                Turns: 3439, Time: 00:15:42

Health: -17/161    AC: 35    Str: 30    XL:     15   Next: 92%
Magic:  14/14      EV: 12    Int:  7    God:    Gozag
Gold:   12248      SH: 23    Dex:  9    Spells: 14/14 levels left

rFire    + + .     SeeInvis .   k - +11 morningstar of Xicaas {flame, MR++}
rCold    + . .     Faith    .   c - +0 kite shield
rNeg     + . .     Spirit   .   O - +5 plate armour of Time Monsters {rElec rPois}
rPois    +         Reflect  +   y - +1 hat
rElec    +         Harm     .   i - scarf {repulsion}
rCorr    +         Rampage  .   N - +3 pair of gauntlets of War {Slay+5}
MR       +++..     Rnd*Rage +   p - +2 pair of boots {run} Stlth ..........NoTele +
                                t - amulet of reflection
HPRegen  0.36/turn              o - ring "Huylepp" {rF+ rN+ Stlth-}
MPRegen  0.14/turn              g - +6 ring of strength

@: mighty, brilliant, resistant, stab, hasted and slowed, studying Stealth,
repel missiles, quick
A: retaliatory headbutt, hooves 1, horns 2, yellow scales 1, berserk 1, clever
1, clumsy 1, sense surroundings 1, weak 1, no potion heal 1, MP-powered wands
a: Potion Petition, Call Merchant, Bribe Branch, Renounce Religion


You were in the Dungeon.
You worshipped Gozag.
Gozag was extremely pleased with you.
You visited 1 branch You collected 19161 gold pieces.
You spent 5112 gold pieces at shops.
You paid 1801 gold pieces to Gozag.

Inventory:

Hand Weapons
 k - the +11 morningstar of Xicaas (weapon) {flame, MR++}
   (You bought it in a shop in the Dungeon)

   It has been specially enchanted to burn those struck by it, causing extra
   injury to most foes and up to half again as much damage against particularly
   susceptible opponents.
   It affects your resistance to hostile enchantments.
Armour
 c - a +0 kite shield (worn)
 i - a scarf of repulsion (worn)
 p - a +2 pair of boots of running (worn)
 y - a +1 hat (worn)
 D - a +1 plate armour
 N - the +3 pair of gauntlets of War (worn) {Slay+5}
   (You bought it in a shop in the Dungeon)

   It affects your accuracy and damage with ranged weapons and melee attacks
   (+5).
 O - the +5 plate armour of Time Monsters (worn) {rElec rPois}
   (You bought it in a shop in the Dungeon)

   It insulates you from electricity.
   It protects you from poison.
Jewellery
 g - a +6 ring of strength (right hand)
 o - the ring "Huylepp" (left hand) {rF+ rN+ Stlth-}
   (You bought it in a shop in the Dungeon)

   [ring of attention]

   It protects you from fire.
   It protects you from negative energy.
   It makes you less stealthy.
 t - an amulet of reflection (around neck)
 C - a +6 ring of dexterity
 K - the ring "Yneitas" {rElec rPois Dex+5}
   (You bought it in a shop in the Dungeon)

   [ring of poison resistance]

   It affects your dexterity (+5).
   It insulates you from electricity.
   It protects you from poison.
 P - the ring "Maytzot" {MR+ Dex+6}
   (You found it in the Dungeon)

   [ring of dexterity]

   It affects your dexterity (+6).
   It affects your resistance to hostile enchantments.
 R - an uncursed amulet of the acrobat
Wands
 n - a wand of digging (1)
Scrolls
 d - 4 scrolls of identify
 e - 5 scrolls of remove curse
 j - a scroll of blinking
 F - 2 scrolls of amnesia
 H - a scroll of fear
 I - a scroll of fog
 J - a scroll of summoning
 L - a scroll of holy word
 S - a scroll of magic mapping
Potions
 h - 23 potions of magic
 m - 3 potions of resistance
 q - 7 potions of haste
 r - 3 potions of invisibility
 s - a potion of degeneration
 u - a potion of stabbing
 v - a potion of brilliance
 w - 35 potions of mutation
 x - 14 potions of flight
 z - 2 potions of might
 B - 6 potions of curing
 G - a potion of berserk rage
 M - a potion of lignification
Books
 T - a manual of Stealth
Miscellaneous
 a - a phantom mirror
 b - a lightning rod (4/4)
 f - a condenser vane (1/2)
 Q - a box of beasts (2/3)


   Skills:
 + Level 22.3 Fighting
 + Level 23.0 Maces & Flails
 + Level 19.1 Armour
 + Level 8.2 Dodging
 + Level 7.9 Stealth
 + Level 24.2 Shields
 + Level 12.7 Evocations


You had 14 spell levels left.
You didn't know any spells.
Your spell library contained the following spells:

 Spells                   Type           Power        Failure   Level
 Apportation              Tloc           #.....       89%         1
 Foxfire                  Conj/Fire      #...         89%         1
 Poisonous Vapours        Pois/Air       #.....       96%         2
 Conjure Flame            Conj/Fire      #.......     99%         3
 Frozen Ramparts          Ice            #.....       99%         3
 Lesser Beckoning         Tloc           #.........   99%         3
 Mephitic Cloud           Conj/Pois/Air  #.......     99%         3
 Tukima's Dance           Hex            #.......     99%         3
 Cause Fear               Hex            #.........   100%        4
 Hailstorm                Conj/Ice       #.......     100%        4
 Alistair's Intoxication  Tmut/Pois      #........    100%        5
 Yara's Violent Unravell  Hex/Tmut       #.........   100%        5
 Freezing Cloud           Conj/Ice/Air   #.........   100%        6
 Invisibility             Hex            #.......     100%        6
 Dragon Form              Tmut           #.........   100%        7
 Discord                  Hex            #.........   100%        8
 Dragon's Call            Summ           #.........   100%        9


Dungeon Overview and Level Annotations

Branches:
Dungeon (1/1)

Altars:
Cheibriados
Dithmenos
Elyvilon
Fedhas
Gozag
Hepliaklqana
Kikubaaqudgha
Makhleb
Nemelex Xobeh
Okawaru
Qazlal
Ru
Sif Muna
Trog
Uskayaw
Vehumet
Wu Jian
Xom
Yredelemnul
Zin
The Shining One
Beogh
Jiyva
Lugonu

Shops:
D (?}=:(!?=(*(*[:(!!***(([?[!}[[:*:

Annotations:
D exclusion: oklob plant, Gloorx Vloq, Nikola


Innate Abilities, Weirdness & Mutations

You reflexively headbutt those who attack you in melee.
You have a pair of horns on your head.
You have large cloven feet.
You are partially covered in yellow scales. (AC +2)
You tend to lose your temper in combat.
Your mind is acute. (Int +2)
You are clumsy. (Dex -2)
You passively map a small area around you.
You are weak. (Str -2)
Potions are less effective at restoring your health.
You expend magic power (3 MP) to strengthen your wands.


Message History

Unknown command.
Your system partially rejects the healing.
You feel better.
The Executioner is engulfed in freezing vapours.
You block the Executioner's attack.
The Executioner hits you but does no damage.
You block the Executioner's attack.
Gloorx Vloq calls on the powers of darkness!
Your body is wracked with pain!
* * * LOW HITPOINT WARNING * * *
The Executioner is engulfed in freezing vapours.
You block the Executioner's attack.
The Executioner hits you but does no damage. x2
The curse toe calls on the powers of darkness!
Your body is wracked with pain!
* * * LOW HITPOINT WARNING * * *
Gloorx Vloq moans, "Return whence thou came, thou twisted fool-headed mammet!"
Gloorx Vloq hits you!!
You die...
Your body crumbles into a pile of gold.

###### * #)...#
▓▓▓▓▓▓▓▓▓▓▓▓▓▓▓▓▓▓▓▓▓▓▓▓
###).|.##▓§§§1M&@ff'..♣♣...^.♣♣..
#...(....▓§§§1z▓§1f▓.♣♣..♣...♣♣^^
#.......)▓..§§○▓f▓▓▓.♣♣..♣♣..♣♣..
##⌠....#'▓▓▓§,,▓§§.▓.♣♣..♣♣..♣...
≈##....#..▓▓▓+▓▓▓▓.▓.♣..^♣♣......
§≈##''##...+.°.▓0..▓...^.▓▓▓▓▓▓▓▓
§##≈...###.#.°.▓▓▓▓▓▓▓▓▓▓▓▓▓▓▓▓▓.
*#$≈.....###...▓§≈≈§≈§§≈▓▓▓....▓.
#####....#.##°°▓▓▓▓▓▓▓▓▓▓▓▓'▓▓.▓.


You could see Gloorx Vloq (very poisoned), a greater mummy, a curse toe, 3
Executioners and 4 wandering mushrooms.

Vanquished Creatures
  A golden dragon (D)
  A bone dragon (D)
  A hellephant (D)
  3 quicksilver dragons (D)
  A deep elf master archer (D)
  Murray (D)
  A deep elf blademaster (D)
  Gastronok (D)
  2 sphinxes (D)
  A kraken (D)
  A storm dragon (D)
  Kirke (D)
  Roxanne (D)
  A frost giant (D)
  A cacodemon (D)
  A draconian shifter (D)
  Nessos (D)
  A dire elephant (D)
  A crystal guardian (D)
  3 lorocyprocas (D)
  A fire dragon (D)
  A great orb of eyes (D)
  A deep elf high priest (D)
  A yaktaur captain (D)
  An ice dragon (D)
  A centaur warrior (D)
  A death yak (D)
  2 hell hogs (D)
  Sonja (D)
  An iron golem (D)
  3 sixfirhies (D)
  A glowing orange brain (D)
  A skeletal warrior (D)
  2 death drakes (D)
  2 deep trolls (D)
  An obsidian statue (D)
  A harpy (D)
  3 orc sorcerers (D)
  12 shining eyes (D)
  3 manticores (D)
  An elephant (D)
  A merfolk siren (D)
  A toenail golem (D)
  An eye of devastation (D)
  2 cane toads (D)
  A yaktaur (D)
  A kobold demonologist (D)
  5 polar bears (D)
  A hornet (D)
  3 slime creatures (D)
  18 flying skulls (D)
  2 redbacks (D)
  5 wyverns (D)
  4 neqoxecs (D)
  A golden eye (D)
  Menkaure (D)
  4 water moccasins (D)
  10 floating eyes (D)
  2 swamp drakes (D)
  3 black bears (D)
  A necrophage (D)
  2 earth elementals (D)
  A scorpion (D)
  4 orc priests (D)
  A jelly (D)
  An iron imp (D)
  4 worker ants (D)
  3 worms (D)
  A spectral bat (D)
  A spectral leopard gecko (D)
  4 tentacles (D)
155 creatures vanquished.

Vanquished Creatures (collateral kills)
  An electric golem (D)
1 creature vanquished.

Vanquished Creatures (others)
  2 ballistomycete spores (D)
  5 tentacles (D)
7 creatures vanquished.

Grand Total: 163 creatures vanquished

Notes
Turn   | Place    | Note
-------+----------+-------------------------------------------
     0 | D        | olmar the Minotaur Fighter began the quest for the Orb.
     0 | D        | Reached XP level 1. HP: 19/19 MP: 0/0
     1 | D        | Noticed a neqoxec
     1 | D        | Noticed a neqoxec
     1 | D        | Noticed a neqoxec
     1 | D        | Noticed a neqoxec
     6 | D        | Noticed a quasit
     6 | D        | Noticed an iron imp
    10 | D        | Killed a neqoxec
    10 | D        | Reached skill level 7 in Shields
    10 | D        | Reached XP level 2. HP: 28/34 MP: 1/1
    10 | D        | Reached XP level 3. HP: 32/39 MP: 2/2
    10 | D        | Reached XP level 4. HP: 39/47 MP: 3/3
    10 | D        | Gained mutation: You tend to lose your temper in combat. [a
                  | neqoxec]
    14 | D        | Gained mutation: Your magical capacity is low. (-10% MP) [a
                  | neqoxec]
    15 | D        | Killed a neqoxec
    15 | D        | Reached skill level 8 in Shields
    15 | D        | Reached XP level 5. HP: 41/57 MP: 3/3
    21 | D        | Killed a neqoxec
    21 | D        | Reached skill level 10 in Fighting
    21 | D        | Reached skill level 9 in Shields
    21 | D        | Reached XP level 6. HP: 47/66 MP: 4/4
    24 | D        | Killed a neqoxec
    24 | D        | Reached skill level 10 in Armour
    24 | D        | Reached XP level 7. HP: 44/73 MP: 5/5
    31 | D        | Found Gatok's Gadget Shop.
    31 | D        | Found Ylu Duor's Antique Weapon Boutique.
    31 | D        | Found Qahouclo's Book Shop.
    31 | D        | Found Geowohimi's Magic Scroll Boutique.
    31 | D        | Found Ohue's Distillery.
    31 | D        | Found Elazeer's Antique Armour Boutique.
    32 | D        | Found Siwn's Antique Armour Shop.
    32 | D        | Found Desoikla's Distillery.
    32 | D        | Found Ohec's Distillery.
    33 | D        | Found Toschoev's Antique Armour Boutique.
    33 | D        | Noticed a shining eye
    40 | D        | Noticed Roxanne
    49 | D        | Found a roughly hewn altar of Beogh.
    50 | D        | Found a snail-covered altar of Cheibriados.
    51 | D        | Found a shadowy altar of Dithmenos.
    51 | D        | Found a viscous altar of Jiyva.
    52 | D        | Found a white marble altar of Elyvilon.
    52 | D        | Found an ancient bone altar of Kikubaaqudgha.
    53 | D        | Found a blossoming altar of Fedhas.
    53 | D        | Found a corrupted altar of Lugonu.
    53 | D        | Found a shimmering blue altar of Sif Muna.
    54 | D        | Found an opulent altar of Gozag.
    54 | D        | Found a burning altar of Makhleb.
    54 | D        | Found a bloodstained altar of Trog.
    55 | D        | Found a sparkling altar of Nemelex Xobeh.
    55 | D        | Found a hide-covered altar of Uskayaw.
    56 | D        | Found a basalt altar of Yredelemnul.
    57 | D        | Found an iron altar of Okawaru.
    57 | D        | Found a radiant altar of Vehumet.
    57 | D        | Found a glowing silver altar of Zin.
    57 | D        | Found a hazy altar of Hepliaklqana.
    57 | D        | Found a sacrificial altar of Ru.
    57 | D        | Found a shimmering altar of Xom.
    58 | D        | Found a stormy altar of Qazlal.
    58 | D        | Found an ornate altar of the Wu Jian Council.
    58 | D        | Found a glowing golden altar of the Shining One.
    66 | D        | Became a worshipper of Gozag Ym Sagoz the Greedy
    83 | D        | Noticed a merfolk siren
    90 | D        | Killed a merfolk siren
    90 | D        | Reached skill level 1 in Dodging
    90 | D        | Reached skill level 10 in Shields
   198 | D        | Reached XP level 8. HP: 76/82 MP: 6/6
   240 | D        | Reached skill level 11 in Shields
   251 | D        | Found Paafow's Weapon Boutique.
   251 | D        | Found Unwonn's Jewellery Shop.
   251 | D        | Noticed Menkaure
   251 | D        | Noticed a shining eye
   251 | D        | Noticed a shining eye
   251 | D        | Noticed an oklob plant
   252 | D        | Found Caot's Jewellery Shop.
   252 | D        | Found Luoraore's Gadget Boutique.
   252 | D        | Found Olutyecwu's Book Shoppe.
   266 | D        | Killed Menkaure
   266 | D        | Reached skill level 10 in Maces & Flails
   271 | D        | Bought a condenser vane (2/2) for 220 gold pieces
   274 | D        | Bought a glowing scarf for 184 gold pieces
   277 | D        | Bought a crude morningstar for 252 gold pieces
   280 | D        | Bought a potion of heal wounds for 50 gold pieces
   280 | D        | Bought a potion of heal wounds for 50 gold pieces
   280 | D        | Bought a potion of resistance for 100 gold pieces
   287 | D        | Bought a wand of digging (2) for 132 gold pieces
   289 | D        | Bought the ring "Huylepp" {rF+ rN+ Stlth-} for 308 gold
                  | pieces
   445 | D        | Noticed a polar bear
   445 | D        | Noticed a polar bear
   446 | D        | Noticed a hornet
   458 | D        | Killed a polar bear
   459 | D        | Noticed a polar bear
   474 | D        | Killed a polar bear
   480 | D        | Killed a hornet
   480 | D        | Reached skill level 12 in Shields
   481 | D        | Noticed a yaktaur
   493 | D        | Killed a polar bear
   493 | D        | Reached skill level 1 in Stealth
   493 | D        | Reached XP level 9. HP: 21/90 MP: 7/7
   495 | D        | Killed a yaktaur
   720 | D        | Noticed a kraken
   727 | D        | Identified the +11 morningstar of Xicaas {flame, MR++} (You
                  | bought it in a shop in the Dungeon)
   915 | D        | Reached skill level 13 in Shields
   930 | D        | Noticed an orange crystal statue
   959 | D        | Killed a kraken
   959 | D        | Reached skill level 14 in Shields
   959 | D        | Reached XP level 10. HP: 82/101 MP: 8/8
  1119 | D        | Noticed a deep troll
  1120 | D        | Noticed a deep troll
  1124 | D        | Killed a deep troll
  1124 | D        | Reached skill level 5 in Dodging
  1127 | D        | Killed a deep troll
  1191 | D        | Noticed a sphinx
  1191 | D        | Noticed a sphinx
  1199 | D        | Killed a sphinx
  1199 | D        | Reached skill level 15 in Maces & Flails
  1199 | D        | Reached skill level 15 in Shields
  1199 | D        | Reached skill level 1 in Evocations
  1201 | D        | Killed a sphinx
  1201 | D        | Reached XP level 11. HP: 50/111 MP: 8/8
  1364 | D        | Killed Roxanne
  1364 | D        | Reached skill level 16 in Shields
  1372 | D        | Noticed an obsidian statue
  1375 | D        | Noticed Nikola
  1379 | D        | Killed an obsidian statue
  1392 | D        | Found Otyonoaj's General Store.
  1394 | D        | Found Jacimiq's Book Shoppe.
  1420 | D        | Found Hoytivinu's Assorted Antiques.
  1436 | D        | Bought a lumpy golden amulet for 130 gold pieces
  1436 | D        | Bought a potion of stabbing for 104 gold pieces
  1436 | D        | Bought a potion of might for 104 gold pieces
  1436 | D        | Bought a scroll of identify for 52 gold pieces
  1436 | D        | Bought a green potion for 23 gold pieces
  1498 | D        | Noticed a sixfirhy
  1498 | D        | Noticed a sixfirhy
  1498 | D        | Noticed a sixfirhy
  1500 | D        | Killed a sixfirhy
  1500 | D        | Reached skill level 15 in Fighting
  1505 | D        | Killed a sixfirhy
  1509 | D        | Killed a sixfirhy
  1509 | D        | Reached skill level 15 in Armour
  1514 | D        | Noticed Gastronok
  1521 | D        | Killed Gastronok
  1521 | D        | Reached skill level 17 in Shields
  1530 | D        | Noticed a dire elephant
  1530 | D        | Noticed an orc sorcerer
  1530 | D        | Noticed an orc sorcerer
  1530 | D        | Noticed an orc sorcerer
  1532 | D        | Killed an orc sorcerer
  1536 | D        | Killed a dire elephant
  1537 | D        | Killed an orc sorcerer
  1541 | D        | Killed an orc sorcerer
  1541 | D        | Reached XP level 12. HP: 80/123 MP: 9/9
  1600 | D        | Identified the Disquisition on Icy Enchantment
  1672 | D        | Reached skill level 18 in Shields
  1703 | D        | Found Botus's Assorted Antiques.
  1706 | D        | Found Ybbathuw's Weapon Shop.
  1710 | D        | Noticed Nessos
  1714 | D        | Killed Nessos
  1719 | D        | Bought a scroll labeled RIV YMIBOEM for 29 gold pieces
  1719 | D        | Bought a potion of berserk rage for 145 gold pieces
  1787 | D        | Noticed Kirke
  1787 | D        | Noticed a yaktaur captain
  1791 | D        | Killed a yaktaur captain
  1793 | D        | Noticed a centaur warrior
  1794 | D        | Killed Kirke
  1794 | D        | Reached skill level 5 in Evocations
  1795 | D        | Killed a centaur warrior
  1844 | D        | Reached skill level 19 in Shields
  1859 | D        | Noticed a great orb of eyes
  1864 | D        | Killed a great orb of eyes
  1872 | D        | Noticed a hell hog
  1872 | D        | Noticed a hell hog
  1872 | D        | Noticed an ice dragon
  1877 | D        | Killed a hell hog
  1877 | D        | Killed a hell hog
  1877 | D        | Killed an ice dragon
  1929 | D        | Found Nimnuof's Weapon Emporium.
  1929 | D        | Found Quffat's Distillery.
  1929 | D        | Found Igrarof's Magic Scroll Shop.
  1929 | D        | Found Rirobew's Magic Scroll Shoppe.
  1929 | D        | Found Jiddoor's General Store.
  1930 | D        | Found Dekhloim's Antique Weapon Shoppe.
  1930 | D        | Found Nuxiosmi's Book Boutique.
  1930 | D        | Found Fycs's General Store.
  1930 | D        | Found Wynwoub's Antique Weapon Shop.
  1930 | D        | Found Uqomm's Antique Weapon Emporium.
  1930 | D        | Found Hutrap's Assorted Antiques.
  1930 | D        | Found Hogoed's Armour Shoppe.
  1933 | D        | Bought a scroll of fear for 38 gold pieces
  1933 | D        | Bought a scroll of amnesia for 38 gold pieces
  1933 | D        | Bought a scroll of fog for 22 gold pieces
  1933 | D        | Bought a scroll of summoning for 104 gold pieces
  1935 | D        | Bought a potion of mutation for 112 gold pieces
  1935 | D        | Bought a potion of haste for 140 gold pieces
  1935 | D        | Bought a potion of curing for 42 gold pieces
  1937 | D        | Bought the ring "Yneitas" {rElec rPois Dex+5} for 445 gold
                  | pieces
  1937 | D        | Bought 2 potions of heal wounds for 100 gold pieces
  1937 | D        | Bought a potion of invisibility for 80 gold pieces
  1937 | D        | Bought a potion of curing for 30 gold pieces
  1937 | D        | Bought a potion of curing for 30 gold pieces
  1939 | D        | Bought a scroll of holy word for 97 gold pieces
  1939 | D        | Bought a potion of lignification for 39 gold pieces
  1939 | D        | Bought a potion of curing for 39 gold pieces
  1939 | D        | Bought a potion of heal wounds for 65 gold pieces
  1942 | D        | Bought the +3 pair of gauntlets of War {Slay+5} for 617
                  | gold pieces
  1942 | D        | Found the +3 pair of gauntlets of War {Slay+5}
  1965 | D        | Bought the +5 plate armour of Time Monsters {rElec rPois}
                  | for 1191 gold pieces
  2131 | D        | Noticed a golden dragon
  2131 | D        | Noticed a cacodemon
  2131 | D        | Noticed a storm dragon
  2132 | D        | Noticed a deep elf high priest
  2132 | D        | Noticed a frost giant
  2133 | D        | Noticed a bone dragon
  2136 | D        | Killed a deep elf high priest
  2139 | D        | Killed a frost giant
  2139 | D        | Reached XP level 13. HP: 87/135 MP: 10/10
  2145 | D        | Killed a bone dragon
  2145 | D        | Reached skill level 20 in Shields
  2148 | D        | Killed a golden dragon
  2150 | D        | Killed a cacodemon
  2152 | D        | Killed a storm dragon
  2152 | D        | Reached skill level 21 in Shields
  2361 | D        | Noticed a crystal guardian
  2374 | D        | Killed a crystal guardian
  2374 | D        | Reached skill level 5 in Stealth
  2374 | D        | Reached skill level 10 in Evocations
  2414 | D        | Identified 2 scrolls of acquirement
  2414 | D        | Acquired 920 gold pieces
  2415 | D        | Acquired a +2 pair of boots of running
  2493 | D        | Noticed a deep elf master archer
  2512 | D        | Killed a deep elf master archer
  2514 | D        | Noticed a fire dragon
  2529 | D        | Killed a fire dragon
  2558 | D        | Got a slimy granite ring
  2567 | D        | Identified the ring "Maytzot" {MR+ Dex+6} (You found it in
                  | the Dungeon)
  2598 | D        | Noticed an electric golem
  2613 | D        | Killed an electric golem
  2613 | D        | Reached skill level 22 in Shields
  2613 | D        | Reached XP level 14. HP: 100/147 MP: 11/11
  2699 | D        | Noticed Sonja
  2699 | D        | Noticed a yellow draconian shifter
  2700 | D        | Noticed a hellephant
  2708 | D        | Killed Sonja
  2709 | D        | Killed a hellephant
  2711 | D        | Killed a yellow draconian shifter
  2762 | D        | Noticed a deep elf blademaster
  2775 | D        | Killed a deep elf blademaster
  2853 | D        | Reached skill level 23 in Shields
  2887 | D        | Gained mutation: You are weak. (Str -2) [a shining eye]
  2887 | D        | Gained mutation: You passively map a small area around you.
                  | [a shining eye]
  2888 | D        | Paralysed by a floating eye for 2 turns
  2888 | D        | Gained mutation: You are clumsy. (Dex -2) [a shining eye]
  2890 | D        | Gained mutation: You often lose your temper in combat. [a
                  | shining eye]
  2891 | D        | Gained mutation: Potions are less effective at restoring
                  | your health. [a shining eye]
  2989 | D        | Lost mutation: You often lose your temper in combat.
                  | [potion of mutation]
  2989 | D        | Lost mutation: Your magical capacity is low. (-10% MP)
                  | [potion of mutation]
  2989 | D        | Gained mutation: You expend magic power (3 MP) to
                  | strengthen your wands. [potion of mutation]
  2989 | D        | Gained mutation: You have large cloven feet. [potion of
                  | mutation]
  2989 | D        | Gained mutation: You are partially covered in yellow
                  | scales. (AC +2) [potion of mutation]
  2989 | D        | Gained mutation: Your mind is acute. (Int +2) [potion of
                  | mutation]
  3000 | D        | Noticed a quicksilver dragon
  3003 | D        | Killed a quicksilver dragon
  3041 | D        | Noticed a quicksilver dragon
  3051 | D        | Killed a quicksilver dragon
  3080 | D        | Noticed a quicksilver dragon
  3088 | D        | Killed a quicksilver dragon
  3280 | D        | Noticed Murray
  3297 | D        | Killed Murray
  3297 | D        | Reached skill level 24 in Shields
  3382 | D        | Reached XP level 15. HP: 137/161 MP: 14/14
  3427 | D        | Noticed Gloorx Vloq
  3427 | D        | Noticed a greater mummy
  3429 | D        | Noticed an Executioner
  3429 | D        | Noticed a curse toe
  3432 | D        | Noticed an Executioner
  3432 | D        | Noticed an Executioner
  3436 | D        | HP: 7/161 [Executioner[Gloorx Vloq] (4)]
  3439 | D        | Demolished by Gloorx Vloq

Illustrated notes

Levels and vault maps discovered:
D:        the_violet_keep_of_menkaure [sprint2_stairs_cluster_1,
          sprint2_shoproom, sprint2_temple, sprint2_basic_supplies,
          sprint2_obstacle_6, sprint2_obstacle_4, sprint2_obstacle_7,
          sprint2_obstacle_3, sprint2_obstacle_1, sprint2_timed_cluster_1,
          sprint2_smallroom_cluster_1, sprint2_smallroom_final_cluster_1,
          sprint2_transparent_cluster_1, sprint2_second_timed_cluster_1,
          sprint2_sniper_area_1, sprint2_heavy_combat_area_1,
          sprint2_mutation_trap_area_1, sprint2_forest_area_1,
          sprint2_light_combat_area_1, sprint2_behind_water_1,
          sprint2_near_end_vault_1]

Skill      XL: |  1  2  3  4  5  6  7  8  9 10 11 12 13 14 |
---------------+-------------------------------------------+-----
Fighting       | 7 9 10 11 12 13 14 16 18 19 22 | 22.3
Maces & Flails | 4 6 7 9 12 14 16 18 20 21 23 | 23.0
Armour         | 7 8 9 10 11 12 14 15 16 18 19 | 19.1
Shields        | 7 8 9 10 12 14 15 17 19 22 24 | 24.2
Dodging        | 1 3 4 5 6 7 8 |  8.2
Stealth        | 1 2 3 4 5 7 |  7.9
Evocations     | 2 3 7 11 12 | 12.7

Action                   |  1- 3 |  4- 6 |  7- 9 | 10-12 | 13-15 || total
-------------------------+-------+-------+-------+-------+-------++-------
Melee: Flail             |     8 |    12 |    97 |       |       ||   117
       Headbutt          |     2 |     3 |    18 |    22 |    32 ||    77
       Morningstar       |       |       |    26 |    91 |   148 ||   265
Invok: Call Merchant     |       |       |       |     1 |       ||     1
       Potion Petition   |       |       |       |       |     3 ||     3
Evoke: Condenser vane    |       |       |     1 |    10 |    10 ||    21
       Wand              |       |       |       |     1 |       ||     1
       Lightning rod     |       |       |       |    17 |     5 ||    22
       Phantom mirror    |       |       |       |     1 |     1 ||     2
       Box of beasts     |       |       |       |       |     2 ||     2
  Use: Potion            |     1 |     2 |     4 |     3 |    11 ||    21
       Scroll            |       |       |       |     7 |     5 ||    12
 Stab: Sleeping          |       |       |     1 |       |       ||     1
       Distracted        |       |       |       |     1 |     2 ||     3
Armor: Scale mail        |       |     3 |    34 |       |       ||    37
       Plate armour      |       |       |       |    33 |    88 ||   121
Dodge: Dodged            |     1 |     8 |    29 |    26 |    28 ||    92
       Repelled          |       |       |       |       |     3 ||     3
Block: Kite shield       |     1 |     7 |    65 |    73 |   158 ||   304
       Reflection        |       |       |       |     3 |     5 ||     8

Table legend: (Time is in decaauts)
 A = Elapsed time spent in this place.
 B = Non-inter-level travel time spent in this place.
 C = Inter-level travel time spent in this place.
 D = Time resting spent in this place.
 E = Time spent auto-exploring this place.
 F = Levels seen in this place.
 G = Mean time per level.
                   A        B        C        D        E       F      G
               +--------+--------+--------+--------+--------+-----+--------+
         Total |   3467 |   3367 |    100 |   1575 |      0 |   1 | 3467.0 |
       Dungeon |   3467 |   3367 |    100 |   1575 |      0 |   1 | 3467.0 |
               +--------+--------+--------+--------+--------+-----+--------+

Top non-repeatable levels by time:
       D: 3467 daAuts
